 Dungeon Crawl Stone Soup version 0.22.0-75-g3901e79 (webtiles) character file.

368 Fang the Chopper (level 6, -4/58 HPs)
             Began as a Gargoyle Berserker on Sept 13, 2018.
             Was a Priest of Trog.
             Slain by a big kobold
             ... wielding a +0 club
              (6 damage)
             ... in a sewer.
             The game lasted 00:05:20 (3982 turns).

Fang the Chopper (Gargoyle Berserker)               Turns: 3982, Time: 00:05:21

Health: -4/58      AC:  3    Str: 28    XL:     6   Next: 69%
Magic:  6/6        EV: 12    Int:  7    God:    Trog [***...]
Gold:   166        SH:  0    Dex:  9    Spells: 5/5 levels left

rFire    + . .     SeeInvis .   a - +0 hand axe
rCold    . . .     Gourm    .   (no shield)
rNeg     + . .     Faith    .   b - +0 animal skin
rPois    ∞         Spirit   .   (no helmet)
rElec    +         Reflect  .   (no cloak)
rCorr    .         Harm     .   (no gloves)
MR       .....                  (no boots)
Stlth    ..........             l - amulet of the acrobat
HPRegen  0.19/turn              v - ring of protection from fire
MPRegen  0.10/turn              o - -3 ring of protection (curse)

@: berserking (expiring), quick
A: negative energy resistance 1, electricity resistance, unbreathing,
petrification resistance, rot immunity, AC +4
a: Berserk, Trog's Hand, Renounce Religion


You were in a sewer.
You worshipped Trog.
Trog was most pleased with you.
You were not hungry.

You visited 1 branch of the dungeon, and saw 4 of its levels.
You also visited: Sewer.

You collected 166 gold pieces.

Inventory:

Hand Weapons
 a - a +0 hand axe (weapon)
Missiles
 q - 4 javelins (quivered)
Armour
 b - a +0 animal skin (worn)
Jewellery
 f - an uncursed ring of poison resistance
 l - an amulet of the acrobat (around neck)
 o - a cursed -3 ring of protection (right hand)
 v - a ring of protection from fire (left hand)
Scrolls
 g - a scroll of teleportation
 h - a scroll of blinking
 j - 3 scrolls of identify
 m - a scroll of remove curse {unknown}
 s - a scroll of amnesia {unknown}
 u - a scroll of fog {unknown}
Potions
 d - a potion of might
 e - a potion of ambrosia {unknown}
 i - 4 potions of curing {unknown}
 n - a potion of invisibility {unknown}
 r - a potion of cancellation {unknown}
 t - 2 potions of flight {unknown}
Comestibles
 c - 2 rations


   Skills:
 + Level 4.6 Fighting
 + Level 5.2 Axes
 + Level 2.3 Armour
 + Level 2.6 Dodging
 + Level 1.5 Stealth


You had 5 spell levels left.
You didn't know any spells.
Your spell library was empty.

Dungeon Overview and Level Annotations

Branches:
Dungeon (4/15)             Temple (0/1) D:4

Altars:
Qazlal
Uskayaw
Zin


Innate Abilities, Weirdness & Mutations

You are resistant to torment.
Your stone body is resilient. (AC +4)
You are immune to poison.
You resist negative energy. (rN+)
You are resistant to electric shocks. (rElec)
You can survive without breathing.
You are immune to petrification.
You are immune to rotting.


Message History

The big kobold hits you with a club.
* * * LOW HITPOINT WARNING * * *
You closely miss the big kobold.
The big kobold is lightly wounded.
The big kobold hits you with a club.
* * * LOW HITPOINT WARNING * * *
You completely miss the big kobold.
The big kobold is lightly wounded.
You hit the big kobold.
The big kobold is moderately wounded.
The big kobold hits you with a club.
* * * LOW HITPOINT WARNING * * *
Your unstable footing causes you to fumble your attack.
The big kobold hits you with a club.
* * * LOW HITPOINT WARNING * * *
You hit the big kobold.
The big kobold is heavily wounded.
Your unstable footing causes you to fumble your attack.
The big kobold hits you with a club.
You die...

#...##
##≈≈.
#≈≈≈#
#.≈≈
#..≈#
#.≈≈
##≈≈≈##
##≈≈≈
#(≈≈≈.#
#≈≈≈≈
#≈###≈#
#≈### #.#
#(# #≈# #
##≈###(##
##≈###
#@≈≈#≈.≈#
#.≈≈#≈
#K#≈#÷#)#
#≈#≈#≈
#≈#≈#≈#≈#
#≈#≈#≈
#≈#≈#≈#≈#
#≈#≈#≈
#.#.#.#.#
#.#.#.
#########
######


You could see a big kobold.

Vanquished Creatures
  Sigmund (D:3)
  A centaur skeleton (D:3)
  A worker ant zombie (D:3)
  4 adders
  A river rat (Sewer)
  2 oozes
  3 worms
  7 dart slugs
  6 leopard geckos
  6 giant cockroaches
  8 goblins
  13 hobgoblins
  6 jackals
  10 kobolds
  4 quokkas
  A ball python (D:2)
  9 bats
  13 frilled lizards
  9 rats
105 creatures vanquished.

Notes
Turn   | Place    | Note
-------+----------+-------------------------------------------
     0 | D:1      | Fang the Gargoyle Berserker began the quest for the Orb.
     0 | D:1      | Reached XP level 1. HP: 14/14 MP: 1/1
   100 | D:1      | Reached XP level 2. HP: 13/19 MP: 2/2
   105 | D:1      | Reached skill level 3 in Axes
   507 | D:1      | Reached ** piety under Trog
   507 | D:1      | Reached XP level 3. HP: 23/24 MP: 3/3
  1217 | D:2      | Reached XP level 4. HP: 26/29 MP: 4/4
  1658 | D:2      | Found a glowing silver altar of Zin.
  1823 | D:2      | Reached *** piety under Trog
  1978 | D:3      | Reached skill level 1 in Stealth
  1985 | D:3      | Reached skill level 4 in Axes
  2006 | D:3      | Reached XP level 5. HP: 9/33 MP: 5/5
  2019 | D:3      | Found a stormy altar of Qazlal.
  2039 | D:3      | Found a hide-covered altar of Uskayaw.
  2656 | D:3      | Noticed Sigmund
  2673 | D:3      | Killed Sigmund
  2673 | D:3      | Reached skill level 5 in Axes
  2673 | D:3      | Reached XP level 6. HP: 39/39 MP: 6/6
  3006 | D:4      | Found a staircase to the Ecumenical Temple.
  3083 | D:4      | Found a glowing drain.
  3178 | Sewer    | Entered a sewer
  3980 | Sewer    | HP: 2/58 [big kobold/club (4)]
  3982 | Sewer    | Slain by a big kobold

Skill      XL: |  1  2  3  4  5 |
---------------+----------------+-----
Axes           | 3 4 5 |  5.2
Fighting       | 4 |  4.6
Dodging        | 2 |  2.6
Stealth        | 1 |  1.5
Armour         | |  2.3

Action                   |  1- 3 |  4- 6 || total
-------------------------+-------+-------++-------
Melee: Hand axe          |   128 |   290 ||   418
Invok: Berserk           |     2 |     5 ||     7
  Use: Scroll            |       |     5 ||     5
 Stab: Sleeping          |     2 |     2 ||     4
  Eat: Chunk             |     1 |    10 ||    11
       Ration            |     1 |     1 ||     2
Armor: Animal skin       |    43 |    89 ||   132
Dodge: Dodged            |    79 |   184 ||   263
